[Event "34rd NATO Championship 2024"]
[Site "Rhodes"]
[Date "2024.10.21"]
[Round "1.46"]
[White "Cavinato, Ermes"]
[Black "Lebrun, Roger"]
[Result "0-1"]
[ECO "C00"]
[WhiteElo "1630"]
[BlackElo "1984"]
[Annotator "RC"]
[PlyCount "92"]
[EventDate "2024.09.18"]
[EventType "swiss"]
[EventCountry "GRE"]
[SourceTitle "playchess.com"]
[Source "ChessBase"]
[SourceQuality "1"]
[TimeControl "5400+30"]

1. e4 e6 2. Nf3 d5 3. exd5 exd5 4. h3 Bd6 5. Bb5+ c6 6. Ba4 Ne7 7. O-O O-O 8. c3 h6 9. d4 Bf5 10. Bc2 Nd7 11. Nh4 Bxc2 12. Qxc2 Nf6 13. Nf5 Nxf5 14. Qxf5 Qd7 15. Qf3 Ne4 16. Nd2 Rae8 17. Nxe4 Rxe4 18. Bd2 Rfe8 19. Rfe1 f5 20. Qh5 Qf7 21. Qxf7+ Kxf7 22. Kf1 f4 23. f3 Rxe1+ 24. Rxe1 Rh8 25. Re2 Kf6 26. Be1 Kf5 27. Kg1 h5 28. h4 Rh6 29. Kh2 Re6 30. Rxe6 Kxe6 31. g3 fxg3+ 32. Bxg3 Bxg3+ 33. Kxg3 Kf5 34. a3 g5 35. hxg5 Kxg5 36. b3 h4+ 37. Kf2 Kf4 38. c4 h3 39. cxd5 cxd5 40. b4 b5 41. a4 bxa4 42. b5 a3 43. Kg1 Kg3 44. f4 h2+ 45. Kh1 a2 46. f5 a1=Q# 0-1

[Event "34rd NATO Championship 2024"]
[Site "Rhodes"]
[Date "2024.10.21"]
[Round "1.47"]
[White "Parker, Glen D"]
[Black "Jansen, Johan"]
[Result "1-0"]
[ECO "B00"]
[WhiteElo "1979"]
[BlackElo "1637"]
[Annotator "RC"]
[PlyCount "43"]
[EventDate "2024.09.18"]
[EventType "swiss"]
[EventCountry "GRE"]
[SourceTitle "playchess.com"]
[Source "ChessBase"]
[SourceQuality "1"]
[TimeControl "5400+30"]

1. e4 b6 2. Nc3 Bb7 3. Bc4 e6 4. d3 Bb4 5. Bd2 Nf6 6. Nf3 d5 7. exd5 exd5 8. Qe2+ Be7 9. Bb3 Nbd7 10. O-O Nc5 11. Rfe1 Nxb3 12. axb3 h6 13. Nd4 g6 14. Bf4 c6 15. Qf3 Qd7 16. Be5 Qg4 17. Bxf6 Qxf3 18. Rxe7+ Kf8 19. gxf3 Rb8 20. Rxa7 Rh7 21. Raxb7 Rxb7 22. Rxb7 1-0

[Event "34rd NATO Championship 2024"]
[Site "Rhodes"]
[Date "2024.10.21"]
[Round "1.48"]
[White "Stikane, Evelina"]
[Black "Peraino, Andrew"]
[Result "0-1"]
[ECO "B07"]
[WhiteElo "1583"]
[BlackElo "1965"]
[Annotator "RC"]
[PlyCount "144"]
[EventDate "2024.09.18"]
[EventType "swiss"]
[EventCountry "GRE"]
[SourceTitle "playchess.com"]
[Source "ChessBase"]
[SourceQuality "1"]
[TimeControl "5400+30"]

1. d4 g6 2. Nc3 Nf6 3. Bf4 d6 4. e4 a6 5. a4 c5 6. dxc5 Qa5 7. Qd2 Qxc5 8. Nf3 Nc6 9. Rd1 Bg7 10. e5 dxe5 11. Nxe5 O-O 12. Nd3 Qb6 13. Be2 Bf5 14. Qc1 e5 15. Be3 Qc7 16. O-O Rac8 17. Rfe1 Nd4 18. Bf1 Ng4 19. Bg5 Nxc2 20. Nd5 Qb8 21. Ne7+ Kh8 22. Nxc8 Rxc8 23. Qd2 Nxe1 24. Rxe1 e4 25. Bf4 Qa7 26. h3 Nf6 27. Ne5 Be6 28. Be3 Qa8 29. Rd1 Kg8 30. b4 b5 31. axb5 axb5 32. Bxb5 Qb8 33. Ba6 Re8 34. Nc6 Qc7 35. b5 Nd5 36. Bd4 Bf8 37. Rc1 Bd6 38. Nb4 Bxb4 39. Rxc7 Bxd2 40. Rc2 e3 41. fxe3 Bxe3+ 42. Bxe3 Nxe3 43. Rb2 Nc4 44. Rb4 Rb8 45. Kf2 Nb6 46. Rd4 Kf8 47. Ke3 Ke7 48. Rh4 h5 49. Re4 Kd6 50. Kd4 Kc7 51. Kc5 Nd7+ 52. Kb4 Kb6 53. Rd4 Kc7 54. Rd2 Nb6 55. Rd1 Bd5 56. g4 hxg4 57. hxg4 Kd6 58. Re1 f5 59. gxf5 gxf5 60. Rf1 Rf8 61. Rf4 Be4 62. Rh4 Nd5+ 63. Kc4 Rf6 64. Rh8 Ke5 65. Kc5 Kf4 66. Bc8 Nb6 67. Ba6 Ke3 68. Rh3+ Kf2 69. Rh7 f4 70. Rc7 f3 71. Rc6 Nd7+ 72. Kd4 Bxc6 0-1

[Event "34rd NATO Championship 2024"]
[Site "Rhodes"]
[Date "2024.10.22"]
[Round "2.1"]
[White "Wells, Daniel J"]
[Black "Alexakis, Dimitris"]
[Result "0-1"]
[ECO "B63"]
[WhiteElo "2036"]
[BlackElo "2504"]
[Annotator "TA"]
[PlyCount "52"]
[EventDate "2024.09.18"]
[EventType "swiss"]
[EventCountry "GRE"]
[SourceTitle "playchess.com"]
[Source "ChessBase"]
[SourceQuality "1"]
[TimeControl "5400+30"]

1. e4 c5 2. Nf3 d6 3. d4 cxd4 4. Nxd4 Nf6 5. Nc3 Nc6 6. Bg5 e6 7. Qd2 h6 8. Nxc6 ({White should play} 8. Bxf6 $1 $14 gxf6 9. O-O-O) 8... bxc6 $11 9. Bf4 e5 10. Bg3 {[%emt 0:03:22] The position is equal.} Rb8 11. Be2 Be7 12. O-O (12. b3 $11) 12... Rxb2 $17 13. Rab1 Rxb1 14. Rxb1 O-O 15. Qe3 Qc7 16. f3 Nd7 17. Na4 d5 18. Qc3 Bd6 19. Bf2 (19. exd5 $1 $15 cxd5 20. Qxc7 Bxc7 21. Bf2) 19... d4 20. Qc4 (20. Qb3 $17) 20... Nb6 $19 21. Nxb6 axb6 22. c3 (22. a4 $142) 22... Be6 23. Qa6 (23. Qd3) 23... Bc5 $2 (23... b5 24. Rd1 Bc8 (24... dxc3 $2 25. Kf1 $19)) 24. f4 $2 (24. cxd4 exd4 25. a4) 24... b5 {[%emt 0:01:40] [#] Strongly threatening ...Bc8. Black is clearly winning.} 25. cxd4 Bc8 26. Qa8 Bb7 {Weighted Error Value: White=0.82/Black=0.31.  Mistake:       	White=6     	Black=1      Inaccurate:     	White=1     	Black=1      OK:         	White=4     	Black=6      Best:        	---       	Black=1} 0-1

[Event "34rd NATO Championship 2024"]
[Site "Rhodes"]
[Date "2024.10.22"]
[Round "2.2"]
[White "Stein, Robert"]
[Black "Tommasini, Enzo"]
[Result "1-0"]
[ECO "A30"]
[WhiteElo "2409"]
[BlackElo "2026"]
[Annotator "RC"]
[PlyCount "145"]
[EventDate "2024.09.18"]
[EventType "swiss"]
[EventCountry "GRE"]
[SourceTitle "playchess.com"]
[Source "ChessBase"]
[SourceQuality "1"]
[TimeControl "5400+30"]

1. Nf3 e6 2. c4 b6 3. g3 Bb7 4. Bg2 Nf6 5. O-O c5 6. Nc3 Be7 7. Re1 Ne4 8. Qc2 Nxc3 9. bxc3 Nc6 10. e4 e5 11. d3 d6 12. Nd2 Bg5 13. Rf1 O-O 14. f4 Bh6 15. f5 f6 16. h4 Qe8 17. g4 Be3+ 18. Kh1 g5 19. hxg5 Bxg5 20. Nf3 h6 21. Kh2 Kf7 22. Kg3 Rg8 23. Rh1 Rg7 24. Rh5 Ke7 25. Bxg5 hxg5 26. Rah1 Nd8 27. Nd2 Nf7 28. Nf1 Qd7 29. Ne3 Rgg8 30. a4 Rh8 31. a5 Rxh5 32. gxh5 Rh8 33. Bf3 Bc6 34. Ra1 Nh6 35. Ra3 Rb8 36. Qa2 Kf7 37. Bd1 Kg7 38. axb6 axb6 39. Ba4 Bxa4 40. Rxa4 Rb7 41. Ra6 Qf7 42. Qh2 Qd7 43. Qe2 b5 44. cxb5 Rxb5 45. Qa2 Qf7 46. Ra7 Rb7 47. Rxb7 Qxb7 48. Qe6 Qf7 49. Ng4 Qf8 50. Qd7+ Qf7 51. Qxd6 Ng8 52. Qxc5 Qxh5 53. Qa7+ Kh8 54. Qg1 Qh4+ 55. Kf3 Qh3+ 56. Ke2 Kg7 57. Nf2 Qh5+ 58. Qg4 Qh2 59. Qh3 Qf4 60. Qe3 Qh2 61. Qf3 Nh6 62. Kf1 Qh4 63. Kg2 g4 64. Qe3 Qh5 65. c4 Nf7 66. c5 Ng5 67. Qg3 Qe8 68. Qxg4 Qe7 69. Qh5 Nh7 70. c6 Nf8 71. Ng4 Nh7 72. Qg6+ Kh8 73. Nh6 1-0

[Event "34rd NATO Championship 2024"]
[Site "Rhodes"]
[Date "2024.10.22"]
[Round "2.3"]
[White "Hadzicki, Tomasz"]
[Black "Papasimakopoulos, Alexandros"]
[Result "0-1"]
[ECO "B15"]
[WhiteElo "2034"]
[BlackElo "2372"]
[Annotator "RC"]
[PlyCount "68"]
[EventDate "2024.09.18"]
[EventType "swiss"]
[EventCountry "GRE"]
[SourceTitle "playchess.com"]
[Source "ChessBase"]
[SourceQuality "1"]
[TimeControl "5400+30"]

1. e4 c6 2. d4 g6 3. Nc3 d5 4. exd5 cxd5 5. Nf3 Nf6 6. h3 Bg7 7. Bf4 O-O 8. Be2 Nc6 9. O-O Ne4 10. Bb5 Nxc3 11. bxc3 Qa5 12. Bxc6 bxc6 13. Qd2 Re8 14. Rfe1 c5 15. Ne5 cxd4 16. cxd4 Qxd2 17. Bxd2 Bf5 18. c3 f6 19. Nc6 e5 20. f4 Re6 21. Na5 Rae8 22. fxe5 fxe5 23. Nb3 exd4 24. Nxd4 Rxe1+ 25. Rxe1 Be4 26. Nb5 Re6 27. a4 a6 28. Nd4 Rb6 29. Bc1 Rb1 30. Bd2 Rb2 31. Re2 Ra2 32. Kf2 Bd3 33. Re8+ Kf7 34. Ke3 Bh6+ 0-1

[Event "34rd NATO Championship 2024"]
[Site "Rhodes"]
[Date "2024.10.22"]
[Round "2.4"]
[White "Aizpurua, Patrick Emilio"]
[Black "Van Drie, Rik"]
[Result "1-0"]
[ECO "B06"]
[WhiteElo "2322"]
[BlackElo "2013"]
[Annotator "RC"]
[PlyCount "43"]
[EventDate "2024.09.18"]
[EventType "swiss"]
[EventCountry "GRE"]
[SourceTitle "playchess.com"]
[Source "ChessBase"]
[SourceQuality "1"]
[TimeControl "5400+30"]

1. e4 g6 2. d4 Bg7 3. Be3 d6 4. Nf3 c6 5. c4 Nf6 6. Nc3 Nbd7 7. Be2 a6 8. h3 b5 9. e5 Ng8 10. exd6 exd6 11. Bf4 Ndf6 12. c5 dxc5 13. dxc5 Bd7 14. Be5 Ne7 15. Qd4 Nf5 16. Qf4 Bh6 17. Qh2 Bg7 18. g4 Ne7 19. Ne4 Nc8 20. Rd1 Ra7 21. Nxf6+ Bxf6 22. Qf4 1-0

[Event "34rd NATO Championship 2024"]
[Site "Rhodes"]
[Date "2024.10.22"]
[Round "2.5"]
[White "Loving, Jason"]
[Black "Pedersen, Finn"]
[Result "0-1"]
[ECO "B12"]
[WhiteElo "2021"]
[BlackElo "2282"]
[Annotator "RC"]
[PlyCount "42"]
[EventDate "2024.09.18"]
[EventType "swiss"]
[EventCountry "GRE"]
[SourceTitle "playchess.com"]
[Source "ChessBase"]
[SourceQuality "1"]
[TimeControl "5400+30"]

1. e4 c6 2. d4 d5 3. e5 Bf5 4. Nf3 e6 5. Be2 c5 6. Be3 cxd4 7. Nxd4 Ne7 8. Nd2 Nbc6 9. N2b3 Bg6 10. O-O a6 11. Nc5 Qc7 12. c4 Nxd4 13. Bxd4 Nf5 14. Na4 Nxd4 15. Qxd4 Rd8 16. c5 Be7 17. Rac1 O-O 18. f4 f6 19. Bg4 Qc6 20. Rfe1 fxe5 21. fxe5 Bg5 0-1

[Event "34rd NATO Championship 2024"]
[Site "Rhodes"]
[Date "2024.10.22"]
[Round "2.6"]
[White "Helbig, Mark"]
[Black "Duren, Andrew"]
[Result "1-0"]
[ECO "D17"]
[WhiteElo "2280"]
[BlackElo "2015"]
[Annotator "RC"]
[PlyCount "119"]
[EventDate "2024.09.18"]
[EventType "swiss"]
[EventCountry "GRE"]
[SourceTitle "playchess.com"]
[Source "ChessBase"]
[SourceQuality "1"]
[TimeControl "5400+30"]

1. d4 d5 2. c4 c6 3. Nf3 Nf6 4. Nc3 dxc4 5. a4 Bf5 6. Ne5 Na6 7. f3 Nd7 8. Nxd7 Qxd7 9. e4 Bg6 10. Bxc4 Nb4 11. Be3 e6 12. a5 Be7 13. Qb3 O-O 14. O-O b5 15. axb6 axb6 16. Rac1 b5 17. Be2 f5 18. Rfd1 Bf7 19. e5 Rfc8 20. f4 Kf8 21. h3 Nd5 22. Nxd5 Qxd5 23. Qxd5 cxd5 24. Rxc8+ Rxc8 25. Ra1 Be8 26. Bd3 b4 27. Kf2 Rb8 28. g4 g6 29. Ra5 Bd8 30. Ra6 Rb6 31. Ra8 Ke7 32. Ra7+ Bd7 33. g5 Ke8 34. Ke2 Be7 35. Bd2 Bb5 36. Ra8+ Kf7 37. Ra7 Ke8 38. Bxb5+ Rxb5 39. Kd3 Rb8 40. Kc2 Rc8+ 41. Kd3 Rb8 42. Ra4 Rb7 43. Kc2 b3+ 44. Kd3 Kf7 45. Ra8 Bf8 46. Ra4 Be7 47. Ba5 Ra7 48. Kc3 Bd8 49. Kb4 Rb7+ 50. Ka3 Be7+ 51. Bb4 Rxb4 52. Rxb4 Ke8 53. Kxb3 Bxb4 54. Kxb4 Kd7 55. Kb5 Kc7 56. Ka6 Kc8 57. Kb6 Kd7 58. Kb7 Kd8 59. Kc6 Ke7 60. Kc7 1-0

[Event "34rd NATO Championship 2024"]
[Site "Rhodes"]
[Date "2024.10.22"]
[Round "2.7"]
[White "Kedzierski, Slawomir"]
[Black "Pavlidis, Anastasios"]
[Result "0-1"]
[ECO "E92"]
[WhiteElo "2013"]
[BlackElo "2279"]
[Annotator "RC"]
[PlyCount "66"]
[EventDate "2024.09.18"]
[EventType "swiss"]
[EventCountry "GRE"]
[SourceTitle "playchess.com"]
[Source "ChessBase"]
[SourceQuality "1"]
[TimeControl "5400+30"]

1. d4 Nf6 2. Nf3 g6 3. c4 Bg7 4. Nc3 d6 5. e4 O-O 6. Be2 e5 7. d5 a5 8. O-O Na6 9. Ne1 Nc5 10. f3 Ne8 11. Nd3 b6 12. Be3 f5 13. exf5 gxf5 14. f4 Ne4 15. Qc2 Nxc3 16. bxc3 Qf6 17. Rac1 Qg6 18. Kh1 Kh8 19. fxe5 dxe5 20. c5 f4 21. Bg1 Bf5 22. Qd1 bxc5 23. Nxc5 Rd8 24. Bh5 Qg5 25. c4 Nf6 26. Bf3 e4 27. Be2 Rg8 28. Re1 Bf8 29. Bf1 e3 30. Nd3 Re8 31. Qf3 Be4 32. Qh3 f3 33. Bxe3 fxg2+ 0-1

[Event "34rd NATO Championship 2024"]
[Site "Rhodes"]
[Date "2024.10.22"]
[Round "2.8"]
[White "Reizniece-Ozola, Dana"]
[Black "Cheung, Jan"]
[Result "1-0"]
[ECO "A14"]
[WhiteElo "2255"]
[BlackElo "2010"]
[Annotator "RC"]
[PlyCount "91"]
[EventDate "2024.09.18"]
[EventType "swiss"]
[EventCountry "GRE"]
[SourceTitle "playchess.com"]
[Source "ChessBase"]
[SourceQuality "1"]
[TimeControl "5400+30"]

1. Nf3 Nf6 2. g3 e6 3. Bg2 d5 4. O-O c5 5. c4 Nc6 6. b3 Be7 7. e3 O-O 8. d3 e5 9. cxd5 Nxd5 10. Bb2 f6 11. d4 exd4 12. exd4 Be6 13. Re1 Bf7 14. Nc3 Nxc3 15. Bxc3 Rc8 16. Re3 b6 17. Qe2 cxd4 18. Nxd4 Nxd4 19. Bxd4 Qxd4 20. Rd1 Qc5 21. Rxe7 Rfe8 22. Rdd7 Rxe7 23. Rxe7 a5 24. h4 Kf8 25. Rb7 Rc7 26. Qd3 Rxb7 27. Qd8+ Be8 28. Bxb7 f5 29. h5 f4 30. g4 h6 31. Bd5 b5 32. Kg2 a4 33. Kf3 axb3 34. axb3 Qc3+ 35. Kxf4 Qf6+ 36. Qxf6+ gxf6 37. b4 Bd7 38. f3 Ke7 39. Be4 Kd6 40. Bf5 Be8 41. Ke4 Bc6+ 42. Ke3 Be8 43. Kd4 Bc6 44. f4 Be8 45. g5 fxg5 46. fxg5 1-0

[Event "34rd NATO Championship 2024"]
[Site "Rhodes"]
[Date "2024.10.22"]
[Round "2.9"]
[White "Michalski, Daniel"]
[Black "Andersen, Hans-Christoph"]
[Result "0-1"]
[ECO "A69"]
[WhiteElo "2011"]
[BlackElo "2229"]
[Annotator "RC"]
[PlyCount "44"]
[EventDate "2024.09.18"]
[EventType "swiss"]
[EventCountry "GRE"]
[SourceTitle "playchess.com"]
[Source "ChessBase"]
[SourceQuality "1"]
[TimeControl "5400+30"]

1. d4 Nf6 2. c4 g6 3. Nc3 Bg7 4. e4 d6 5. Be2 O-O 6. f4 c5 7. d5 e6 8. Nf3 exd5 9. cxd5 Nbd7 10. Nd2 Re8 11. O-O c4 12. e5 dxe5 13. Nxc4 Nb6 14. Qb3 exf4 15. Nxb6 Qxb6+ 16. Qxb6 axb6 17. Bxf4 Nxd5 18. Bb5 Rd8 19. Bg5 Nxc3 20. Bc4 Rd7 21. bxc3 Rc7 22. Rad1 Bg4 0-1

[Event "34rd NATO Championship 2024"]
[Site "Rhodes"]
[Date "2024.10.22"]
[Round "2.10"]
[White "Rahmanidis, Petros"]
[Black "Pirs, Matjaz"]
[Result "1-0"]
[ECO "A14"]
[WhiteElo "2219"]
[BlackElo "2203"]
[Annotator "RC"]
[PlyCount "71"]
[EventDate "2024.09.18"]
[EventType "swiss"]
[EventCountry "GRE"]
[SourceTitle "playchess.com"]
[Source "ChessBase"]
[SourceQuality "1"]
[TimeControl "5400+30"]

1. Nf3 d5 2. g3 Nf6 3. Bg2 e6 4. O-O Be7 5. c4 d4 6. e3 c5 7. exd4 cxd4 8. d3 Nc6 9. Bg5 O-O 10. Re1 Re8 11. Nbd2 h6 12. Bxf6 Bxf6 13. a3 a5 14. c5 Be7 15. Rc1 f6 16. Nh4 Qc7 17. Ng6 Bd7 18. Nxe7+ Rxe7 19. Nc4 e5 20. Nb6 Rae8 21. Nd5 Qc8 22. Nxe7+ Rxe7 23. b4 axb4 24. axb4 Be6 25. Qa4 Rc7 26. b5 Ne7 27. c6 bxc6 28. bxc6 Bd5 29. Bxd5+ Nxd5 30. Qb3 Qe6 31. Rc5 Nf4 32. Rb1 Qxb3 33. Rxb3 Ne6 34. Rb7 Rc8 35. c7 Kf7 36. Rb8 1-0

[Event "34rd NATO Championship 2024"]
[Site "Rhodes"]
[Date "2024.10.22"]
[Round "2.11"]
[White "Tocco, Paolo"]
[Black "Pietruszewski, Marcin"]
[Result "1-0"]
[ECO "D02"]
[WhiteElo "2010"]
[BlackElo "2174"]
[Annotator "RC"]
[PlyCount "101"]
[EventDate "2024.09.18"]
[EventType "swiss"]
[EventCountry "GRE"]
[SourceTitle "playchess.com"]
[Source "ChessBase"]
[SourceQuality "1"]
[TimeControl "5400+30"]

1. d4 Nf6 2. Nc3 d5 3. Bf4 Bf5 4. e3 e6 5. Nf3 Bb4 6. Bd3 Ne4 7. O-O Bxc3 8. bxc3 O-O 9. c4 dxc4 10. Bxc4 Nd7 11. Nd2 Nxd2 12. Qxd2 c5 13. Bd6 Re8 14. Bb5 cxd4 15. Qxd4 a6 16. Bd3 Qc8 17. e4 Bg6 18. e5 Qc6 19. Bxg6 hxg6 20. c4 Rec8 21. Rac1 Qa4 22. Rc3 Qxa2 23. Qh4 f5 24. Qe7 Nf8 25. Qxb7 Qa4 26. c5 Qc6 27. Rb1 a5 28. Qxc6 Rxc6 29. Rb6 Rac8 30. Rxc6 Rxc6 31. Ra3 Ra6 32. Kf1 Nd7 33. Ke2 Kf7 34. Kd3 Ke8 35. Kc4 Ra8 36. Kb5 Kd8 37. Rxa5 Rxa5+ 38. Kxa5 Kc8 39. Kb5 g5 40. c6 Nb8 41. Kb6 g4 42. Bxb8 Kxb8 43. c7+ Kc8 44. Kc6 f4 45. Kd6 f3 46. gxf3 gxf3 47. h4 g6 48. Kxe6 Kxc7 49. Kf7 Kd7 50. e6+ Kd6 51. e7 1-0

[Event "34rd NATO Championship 2024"]
[Site "Rhodes"]
[Date "2024.10.22"]
[Round "2.12"]
[White "Pavlidou, Ekaterini"]
[Black "Koops, Janis"]
[Result "1-0"]
[ECO "D45"]
[WhiteElo "2153"]
[BlackElo "1990"]
[Annotator "RC"]
[PlyCount "71"]
[EventDate "2024.09.18"]
[EventType "swiss"]
[EventCountry "GRE"]
[SourceTitle "playchess.com"]
[Source "ChessBase"]
[SourceQuality "1"]
[TimeControl "5400+30"]

1. d4 d5 2. c4 e6 3. Nc3 c6 4. e3 Nf6 5. Nf3 Bb4 6. Bd2 O-O 7. Qc2 Bxc3 8. Bxc3 Ne4 9. Bd3 f5 10. O-O-O a5 11. Be1 b5 12. c5 Nd7 13. h4 b4 14. Qe2 Qe7 15. Ng1 e5 16. f3 Nexc5 17. dxc5 e4 18. Bc2 Nxc5 19. Qd2 b3 20. axb3 Ba6 21. Qd4 Rfb8 22. Bc3 Bd3 23. Nh3 Rxb3 24. Nf4 a4 25. Nxd5 Qf8 26. fxe4 Bxe4 27. Nc7 Rab8 28. Qc4+ Kh8 29. Bd4 R3b4 30. Qxc5 Qf7 31. Bc3 Rc4 32. Qe5 a3 33. bxa3 Bxc2 34. Kxc2 Rxc3+ 35. Kxc3 Qa2 36. Nb5 1-0

[Event "34rd NATO Championship 2024"]
[Site "Rhodes"]
[Date "2024.10.22"]
[Round "2.13"]
[White "Pazeriene, Diana"]
[Black "Bohn, Ulrich"]
[Result "0-1"]
[ECO "A58"]
[WhiteElo "1993"]
[BlackElo "2149"]
[Annotator "RC"]
[PlyCount "64"]
[EventDate "2024.09.18"]
[EventType "swiss"]
[EventCountry "GRE"]
[SourceTitle "playchess.com"]
[Source "ChessBase"]
[SourceQuality "1"]
[TimeControl "5400+30"]

1. d4 Nf6 2. c4 c5 3. d5 b5 4. cxb5 a6 5. bxa6 g6 6. Nc3 Bg7 7. Nf3 O-O 8. e4 Qa5 9. Bd3 Bxa6 10. O-O d6 11. Re1 Bxd3 12. Qxd3 Na6 13. Re2 Nb4 14. Qd1 Qa6 15. Bg5 Ra7 16. a3 Ng4 17. h3 Ne5 18. Nxe5 Bxe5 19. Bh6 Rb8 20. Rc1 Nd3 21. Rcc2 Rab7 22. Bc1 Nxc1 23. Rxc1 Rxb2 24. Re3 Bf4 25. Rf3 Bxc1 26. Qxc1 Qc4 27. Qf4 f6 28. Qg4 Qd4 29. a4 Qe5 30. g3 R2b3 31. Ne2 Rxf3 32. Qxf3 Rb4 0-1

[Event "34rd NATO Championship 2024"]
[Site "Rhodes"]
[Date "2024.10.22"]
[Round "2.14"]
[White "Lebrun, Roger"]
[Black "Casteleijn, Diederick"]
[Result "0-1"]
[ECO "B21"]
[WhiteElo "1984"]
[BlackElo "2128"]
[Annotator "RC"]
[PlyCount "54"]
[EventDate "2024.09.18"]
[EventType "swiss"]
[EventCountry "GRE"]
[SourceTitle "playchess.com"]
[Source "ChessBase"]
[SourceQuality "1"]
[TimeControl "5400+30"]

1. e4 c5 2. d4 cxd4 3. c3 dxc3 4. Nxc3 Nc6 5. Nf3 e6 6. Bc4 a6 7. a4 Nge7 8. Bg5 f6 9. Bh4 Ng6 10. Bg3 Be7 11. O-O O-O 12. Rc1 Qa5 13. Qe2 Nge5 14. Rfd1 Bc5 15. Ba2 Ba7 16. h3 Kh8 17. Kh1 b5 18. axb5 axb5 19. Bb1 b4 20. Na2 b3 21. Nc3 Ba6 22. Nxe5 Bxe2 23. Nxc6 dxc6 24. Nxe2 Rfd8 25. Nc3 Bd4 26. Rd3 e5 27. f3 Qa1 0-1

[Event "34rd NATO Championship 2024"]
[Site "Rhodes"]
[Date "2024.10.22"]
[Round "2.15"]
[White "Circenis, Kaspars"]
[Black "Parker, Glen D"]
[Result "1/2-1/2"]
[ECO "D30"]
[WhiteElo "2120"]
[BlackElo "1979"]
[Annotator "RC"]
[PlyCount "47"]
[EventDate "2024.09.18"]
[EventType "swiss"]
[EventCountry "GRE"]
[SourceTitle "playchess.com"]
[Source "ChessBase"]
[SourceQuality "1"]
[TimeControl "5400+30"]

1. d4 e6 2. c4 d5 3. Nf3 Nf6 4. Bg5 Bb4+ 5. Nbd2 h6 6. Bxf6 Qxf6 7. e3 O-O 8. Bd3 dxc4 9. Bxc4 Nc6 10. O-O e5 11. dxe5 Nxe5 12. Nxe5 Qxe5 13. Qc1 Bg4 14. Nf3 Bxf3 15. gxf3 Qh5 16. f4 Qg4+ 17. Kh1 Qf3+ 18. Kg1 Qg4+ 19. Kh1 Qf3+ 20. Kg1 Rad8 21. Rd1 Qg4+ 22. Kh1 Qf3+ 23. Kg1 Qg4+ 24. Kh1 1/2-1/2

[Event "34rd NATO Championship 2024"]
[Site "Rhodes"]
[Date "2024.10.22"]
[Round "2.16"]
[White "Peraino, Andrew"]
[Black "Mautone, Valerio"]
[Result "1-0"]
[ECO "B51"]
[WhiteElo "1965"]
[BlackElo "2117"]
[Annotator "RC"]
[PlyCount "75"]
[EventDate "2024.09.18"]
[EventType "swiss"]
[EventCountry "GRE"]
[SourceTitle "playchess.com"]
[Source "ChessBase"]
[SourceQuality "1"]
[TimeControl "5400+30"]

1. e4 c5 2. Nf3 d6 3. Bb5+ Nd7 4. a4 g6 5. O-O Bg7 6. Re1 Ngf6 7. c3 O-O 8. d4 a6 9. Bf1 Qc7 10. h3 e5 11. Na3 cxd4 12. cxd4 Re8 13. d5 Nh5 14. Be3 f5 15. Rc1 Qd8 16. exf5 gxf5 17. Ng5 Ndf6 18. Nc4 f4 19. Bb6 Qe7 20. Nxe5 dxe5 21. d6 Qf8 22. Bc4+ Kh8 23. Nf7+ Kg8 24. Rxe5 Rxe5 25. Nxe5+ Kh8 26. d7 Bxd7 27. Nxd7 Nxd7 28. Qxd7 Bxb2 29. Rb1 Qg7 30. Qf5 Qc3 31. Bd3 Nf6 32. Ba5 Qd4 33. Bc7 Re8 34. Bxf4 Qxa4 35. Rxb2 Qa1+ 36. Rb1 Re1+ 37. Rxe1 Qxe1+ 38. Kh2 1-0

[Event "34rd NATO Championship 2024"]
[Site "Rhodes"]
[Date "2024.10.22"]
[Round "2.17"]
[White "Tetepoulidis, Ioannis"]
[Black "Dekker, Ard"]
[Result "1-0"]
[ECO "B12"]
[WhiteElo "2100"]
[BlackElo "1963"]
[Annotator "RC"]
[PlyCount "37"]
[EventDate "2024.09.18"]
[EventType "swiss"]
[EventCountry "GRE"]
[SourceTitle "playchess.com"]
[Source "ChessBase"]
[SourceQuality "1"]
[TimeControl "5400+30"]

1. e4 c6 2. d4 d5 3. e5 c5 4. c4 Nc6 5. Nf3 cxd4 6. Nxd4 e6 7. Nc3 Bb4 8. Nxc6 bxc6 9. Bd3 Qa5 10. O-O Ne7 11. cxd5 cxd5 12. Bb5+ Kf8 13. Bd3 Bxc3 14. bxc3 Qxc3 15. Rb1 Qxe5 16. Ba3 f6 17. Qc2 f5 18. Rfe1 Qf6 19. Qc6 1-0

[Event "34rd NATO Championship 2024"]
[Site "Rhodes"]
[Date "2024.10.22"]
[Round "2.18"]
[White "Tustanowski, Mateusz"]
[Black "Giedraitis, Mingaudas"]
[Result "1-0"]
[ECO "B15"]
[WhiteElo "2081"]
[BlackElo "1950"]
[Annotator "RC"]
[PlyCount "91"]
[EventDate "2024.09.18"]
[EventType "swiss"]
[EventCountry "GRE"]
[SourceTitle "playchess.com"]
[Source "ChessBase"]
[SourceQuality "1"]
[TimeControl "5400+30"]

1. e4 c6 2. d4 d5 3. Nc3 dxe4 4. Nxe4 Nf6 5. Nxf6+ exf6 6. c3 Bd6 7. Bd3 O-O 8. Ne2 Re8 9. Qc2 h5 10. Be3 Bg4 11. O-O-O b5 12. Rde1 Nd7 13. Ng3 h4 14. Bh7+ Kh8 15. Bf5 Bxf5 16. Nxf5 Qc7 17. Nxh4 a5 18. Nf5 Nb6 19. h4 Nc4 20. Qd3 Bf8 21. h5 Rad8 22. g3 c5 23. Rh4 Rd5 24. Re4 Qd7 25. g4 cxd4 26. Bxd4 Ne5 27. Qh3 Rc8 28. g5 Qxf5 29. Qxf5 Nd3+ 30. Kd2 Rxf5 31. Kxd3 Bc5 32. g6 Rf8 33. Re8 Kg8 34. Bxc5 Rxc5 35. R1e7 fxg6 36. hxg6 Rg5 37. Rxf8+ Kxf8 38. Rf7+ Kg8 39. Rb7 Rxg6 40. Rxb5 a4 41. c4 Rg2 42. c5 Kf7 43. c6 Ke6 44. Rc5 Rg5 45. Rxg5 fxg5 46. Ke4 1-0

[Event "34rd NATO Championship 2024"]
[Site "Rhodes"]
[Date "2024.10.22"]
[Round "2.19"]
[White "Verlaine, Alexandre"]
[Black "Mestek, Igor"]
[Result "0-1"]
[ECO "D21"]
[WhiteElo "1962"]
[BlackElo "2080"]
[Annotator "RC"]
[PlyCount "54"]
[EventDate "2024.09.18"]
[EventType "swiss"]
[EventCountry "GRE"]
[SourceTitle "playchess.com"]
[Source "ChessBase"]
[SourceQuality "1"]
[TimeControl "5400+30"]

1. d4 d5 2. c4 dxc4 3. Nf3 a6 4. a4 Nf6 5. g3 c5 6. Bg2 Nc6 7. e3 Bf5 8. O-O e6 9. Ne5 Qc7 10. Nxc6 bxc6 11. Re1 Rd8 12. Nd2 Bd3 13. Nf3 Bd6 14. Bd2 O-O 15. Rc1 Rb8 16. dxc5 Bxc5 17. a5 Rfd8 18. Qa4 Rxb2 19. Bc3 Rb5 20. Ne5 Nd5 21. Bxd5 Rxd5 22. Nxc4 h5 23. e4 Rg5 24. Nb2 Rxg3+ 25. hxg3 Qxg3+ 26. Kh1 Bxf2 27. Be5 Rxe5 0-1